 Dungeon Crawl Stone Soup version 0.30-a0-870-gc5d4c5acee (webtiles) character file.

Game seed: 1883318953462219086

639 avis the Ruffian (level 7, -5/59 HPs)
             Began as a Hill Orc Transmuter on Mar 12, 2023.
             Slain by a gnoll
             ... wielding a +0 spear
             ... led by a gnoll bouda
              (7 damage)
             ... on level 5 of the Dungeon.
             The game lasted 00:29:03 (6150 turns).

avis the Ruffian (Hill Orc Transmuter)              Turns: 6150, Time: 00:29:04

Health: -5/59      AC:  4    Str: 19    XL:     7   Next: 50%
Magic:  2/11       EV:  6    Int: 15    God:
Gold:   214        SH:  0    Dex: 17    Spells: 6/12 levels left

rFire   . . .      SeeInvis .      - Unarmed
rCold   . . .      Faith    .    (no shield)
rNeg    . . .      Spirit   .    a - +0 robe
rPois   .          Reflect  .    l - +1 hat
rElec   .          Rampage  .    (no cloak)
rCorr   .                        m - +0 pair of gloves
Will    .....                    (no boots)
Stlth   ++                       (no amulet)
HPRegen 0.29/turn                f - +6 ring of dexterity
MPRegen 0.12/turn                p - +6 ring of strength

@: held
A: no striking features
a: no special abilities


You were on level 5 of the Dungeon.
You visited 2 branches of the dungeon, and saw 6 of its levels.

You collected 214 gold pieces.

Inventory:

Hand Weapons
 b - a +0 sling
Armour
 a - a +0 robe (worn)
 l - a +1 hat (worn)
 m - a +0 pair of gloves (worn)
Jewellery
 f - a +6 ring of dexterity (left hand)
 p - a +6 ring of strength (right hand)
Wands
 u - a wand of flame (2)
Scrolls
 e - 2 scrolls of identify {unknown}
 n - a scroll of vulnerability {unknown}
 q - 2 scrolls of teleportation {unknown}
 t - 3 scrolls of noise {unknown}
 v - a scroll of immolation {unknown}
Potions
 i - a potion of brilliance {unknown}
 j - a potion of attraction {unknown}
 s - a potion of degeneration {unknown}


   Skills:
 - Level 4.0 Fighting
 - Level 2.0 Dodging
 * Level 6.1 Unarmed Combat
 - Level 3.0 Spellcasting
 - Level 3.0 Transmutations
 - Level 1.0 Poison Magic


You had 6 spell levels left.
You knew the following spells:

 Your Spells              Type           Power      Damage    Failure   Level
a - Beastly Appendage     Tmut           22%        N/A       6%          1
e - Wereblood             Tmut           11%        N/A       9%          2
p - Spider Form           Tmut/Pois      8%         N/A       26%         3

Your spell library contained the following spells:

 Spells                   Type           Power      Damage    Failure   Level
 Ice Form                 Ice/Tmut       6%         N/A       71%         4


Dungeon Overview and Level Annotations

Branches:
Dungeon (5/15)             Temple (1/1) D:4

Altars:
Cheibriados
Elyvilon
Gozag
Kikubaaqudgha
Makhleb
Nemelex Xobeh
Okawaru
Qazlal
Ru
Trog
Uskayaw
Vehumet
Yredelemnul

Shops:
D:2 (


Message History

Things that are here:
a +0 whip; a +0 robe
Casting: Spider Form (dangerous; 26% risk of failure)
Confirm with . or Enter, or press ? or * to list all spells.
You don't have enough magic to cast this spell.
Really quaff the potion of lignification?
You turn into a tree.
Your +1 hat melds into your body.
Your +0 pair of gloves melds into your body.
Your +0 robe melds into your body.
Your roots penetrate the ground.
The gnoll hits you from afar with a +0 spear.
* * * LOW HITPOINT WARNING * * *
The gnoll hits you with a +0 spear.
* * * LOW HITPOINT WARNING * * *
Fire: b) +0 sling
Press: ? - help, Q - select action, (/) - cycle Shift-Dir - straight line, f - gnoll
Aim: a gnoll, wielding a +0 spear and quivering 2 throwing nets (covering ground quickly, 63% to hit)
You shoot a sling bullet.
The sling bullet hits the gnoll but does no damage.
Your attacks no longer feel as feeble.
The gnoll is no longer moving quickly.
The gnoll hits you but does no damage. The gnoll hits you with a +0 spear.
* * * LOW HITPOINT WARNING * * *
The gnoll throws a throwing net.
The throwing net hits you.
You become entangled in the net!
You are now empty-handed.
The gnoll hits you but does no damage.
You struggle against the net.
The gnoll hits you but does no damage. x2
You struggle against the net.
The gnoll hits you from afar with a +0 spear.
* * * LOW HITPOINT WARNING * * *
The gnoll hits you but does no damage.
It was a potion of cancellation.
Your magical effects are unravelling.
You feel magically purged.
Your magical contamination has completely faded away.
You feel less wooden.
Your +1 hat unmelds from your body.
Your +0 pair of gloves unmelds from your body.
Your +0 robe unmelds from your body.
The gnoll hits you from afar with a +0 spear!
You die...

#..... .. #.....# # #..
##......# # .... ##.......# ##
..... #........# .## #....#
#.......# ..###....# #.g....#
#..#.....# #))# ##.......#
#g@####### ##.......##
#.)....#≈# #...... #...####..#
#.......####....... ..### #.#
#........##........ .##
#.######.......##.......# ##
#.##..###......##......# #####
##.#....###.....##.....#
....####........###..........#
..#...#..........###..[.))..#


You could see 2 gnolls.

Vanquished Creatures
  A black bear (D:5)
  An ogre (D:4)
  Blork the orc (D:4)
  A scorpion (D:4)
  A hound (D:4)
  A gnoll bouda (D:5)
  2 iguanas (D:5)
  Ijyb (D:4)
  An orc wizard (D:5)
  3 gnolls (D:5)
  6 adders
  An ufetubus (D:4)
  2 worms
  A dart slug (D:4)
  6 orcs
  3 bats
  5 endoplasms
  6 giant cockroaches
  5 goblins
  5 hobgoblins
  5 quokkas
  6 ball pythons
  3 frilled lizards (D:2)
  9 kobolds
  7 rats
83 creatures vanquished.

Notes
Turn   | Place    | Note
-------+----------+-------------------------------------------
     0 | D:1      | avis the Hill Orc Transmuter began the quest for the Orb.
     0 | D:1      | Reached XP level 1. HP: 16/16 MP: 3/3
   176 | D:1      | Reached XP level 2. HP: 24/24 MP: 4/4
   769 | D:1      | Reached skill level 4 in Unarmed Combat
   917 | D:1      | Learned a level 2 spell: Wereblood
  1084 | D:2      | Reached XP level 3. HP: 5/29 MP: 5/5
  1618 | D:2      | Learned a level 3 spell: Spider Form
  1808 | D:2      | Found Dietz's Weapon Emporium.
  2426 | D:3      | Reached XP level 4. HP: 36/36 MP: 7/7
  2993 | D:3      | Found a faded altar of an unknown god.
  3717 | D:4      | Reached XP level 5. HP: 21/45 MP: 3/8
  3826 | D:4      | Noticed an ogre
  3833 | D:4      | Killed an ogre
  3834 | D:4      | Reached skill level 5 in Unarmed Combat
  3897 | D:4      | Reached XP level 6. HP: 51/51 MP: 7/9
  4242 | D:4      | Reached skill level 6 in Unarmed Combat
  4591 | D:4      | Noticed Ijyb
  4601 | D:4      | Killed Ijyb
  4809 | D:4      | Found a staircase to the Ecumenical Temple.
  4818 | Temple   | Entered the Ecumenical Temple
  5620 | D:5      | Entered Level 5 of the Dungeon
  5646 | D:5      | Noticed Blork the orc
  5667 | D:4      | Reached skill level 1 in Poison Magic
  5670 | D:4      | Killed Blork the orc
  5889 | D:5      | Noticed a black bear
  5919 | D:5      | Killed a black bear
  5920 | D:5      | Reached XP level 7. HP: 56/57 MP: 7/11
  6149 | D:5      | HP: 2/88 [gnoll/+0 spear[a gnoll bouda] (3)]
  6150 | D:5      | Slain by a gnoll

Illustrated notes

Levels and vault maps discovered:
D:1:      dpeg_arrival_stone_temple_mockup, layout_basic
D:2:      layout_basic, serial_co_window_serial, co_window_corner_a,
          co_window_corner_a, co_window_paths_a, co_window_paths_b,
          co_window_paths_a, co_window_paths_a, co_window_of_opportunity_b,
          co_window_broadway_a, co_window_corner_b, serial_shops, shop
D:3:      layout_loops_corners, basic_ecumenical_altar
D:4:      layout_loops_ring, lemuel_temple_firewalk_b, minmay_crystal_room,
          uniq_ijyb
D:5:      layout_layer_cave, minitemple, grunt_ministairs_14,
          kennysheep_cross_room, uniq_blork_the_orc
Temple:   nicolae_temple_figure_eight

Skill      XL: |  1  2  3  4  5  6  7 |
---------------+----------------------+-----
Fighting       | 2 3 4 |  4.0
Unarmed Combat | 4 5 6 |  6.1
Dodging        | 2 |  2.0
Spellcasting   | 2 3 |  3.0
Transmutations | 2 3 |  3.0
Poison Magic   | 1 |  1.0

Action                     |  1- 3 |  4- 6 |  7- 9 || total
---------------------------+-------+-------+-------++-------
  Melee: Unarmed           |   105 |   103 |    30 ||   238
         Punch             |     1 |     1 |       ||     2
         Kick              |     1 |     3 |       ||     4
         Headbutt          |       |     5 |       ||     5
   Fire: Sling             |    14 |    47 |     8 ||    69
   Cast: Beastly Appendage |     2 |     6 |       ||     8
         Spider Form       |       |     8 |     4 ||    12
    Use: Potion            |     2 |     2 |     3 ||     7
   Stab: Sleeping          |     5 |     1 |       ||     6
 Armour: Robe              |    10 |    18 |     1 ||    29
         Skin              |       |       |     9 ||     9
  Dodge: Dodged            |    43 |    77 |    46 ||   166

Table legend: (Time is in decaauts)
 A = Elapsed time spent in this place.
 B = Non-inter-level travel time spent in this place.
 C = Inter-level travel time spent in this place.
 D = Time resting spent in this place.
 E = Time spent auto-exploring this place.
 F = Levels seen in this place.
 G = Mean time per level.
                   A        B        C        D        E       F      G
               +--------+--------+--------+--------+--------+-----+--------+
         Total |   6142 |   5373 |    769 |   1123 |   3130 |   6 | 1023.7 |
       Dungeon |   5916 |   5160 |    756 |   1123 |   2944 |   5 | 1183.2 |
        Temple |    225 |    213 |     12 |      0 |    186 |   1 |  225.0 |
               +--------+--------+--------+--------+--------+-----+--------+

Top non-repeatable levels by time:
     D:4: 1646 daAuts
     D:3: 1460 daAuts
     D:2: 1454 daAuts
     D:1: 1014 daAuts
     D:5: 341 daAuts
  Temple: 225 daAuts
